 Dungeon Crawl Stone Soup version 0.28.0-43-g3370ac3207 (webtiles) character file.

Game seed: 8938579008226853312

9587 pkoi the Martial Artist (level 11, -9/56 HPs)
             Began as a Spriggan Monk on Mar 8, 2022.
             Was a Believer of Sif Muna.
             Mangled by a wolf spider (19 damage)
             ... on level 1 of the Lair of Beasts.
             The game lasted 00:27:25 (14861 turns).

pkoi the Martial Artist (Spriggan Monk)            Turns: 14861, Time: 00:27:25

Health: -9/56      AC:  6    Str: 13    XL:     11   Next: 25%
Magic:  20/24      EV: 21    Int: 16    God:    Sif Muna [**....]
Gold:   171        SH:  0    Dex: 18    Spells: 16/26 levels left

rFire   . . .      SeeInvis +     - Unarmed
rCold   . . .      Faith    .   (shield currently unavailable)
rNeg    . . .      Spirit   .   C - +0 steam dragon scales
rPois   .          Reflect  .   (helmet restricted)
rElec   .          Harm     .   n - +0 cloak
rCorr   .          Rampage  .   (gloves unavailable)
Will    +....                   (boots unavailable)
Stlth   +++.......              y - amulet of the acrobat
HPRegen 0.18/turn               f - +6 ring of strength
MPRegen 0.19/turn               (no ring)

@: blade hands, very quick
A: very small, no large weapons, unfitting armour, see invisible, speed 3
a: End Transformation, Renounce Religion, Channel Magic


You were on level 1 of the Lair of Beasts.
You worshipped Sif Muna.
Sif Muna was pleased with you.
You had blades for hands.
You visited 3 branches of the dungeon, and saw 11 of its levels.
You also visited: Bailey.

You collected 511 gold pieces.
You spent 340 gold pieces at shops.

Inventory:

Hand Weapons
 b - a +0 short sword
 k - the +6 flail of Fragile Peace (melded) {spect, +Blink rF+ Will+}
   (You found it on level 4 of the Dungeon)

   When its wielder attacks, the weapon's spirit leaps out and strikes again.
   The spirit shares a part of any damage it takes with its wielder.
   rF:        It protects you from fire.
   +Blink:    It lets you blink.
   Will:      It increases your willpower.
 A - a +6 vorpal short sword
Missiles
 i - 5 boomerangs of dispersal (quivered)
 m - 29 poisoned darts
Armour
 a - a +0 robe
 c - a +0 robe of positive energy
 n - a +0 cloak (worn)
 s - an orb of wrath
 B - quicksilver dragon scales
 C - +0 steam dragon scales (worn)
Jewellery
 f - a +6 ring of strength (left blade hand)
 l - an amulet of guardian spirit
 y - an amulet of the acrobat (around neck)
Wands
 o - a wand of paralysis (9)
 q - a wand of polymorph (12)
 t - a wand of flame (22)
 w - a wand of acid (20)
Scrolls
 e - 9 scrolls of teleportation
 j - 2 scrolls of fear
 p - 2 scrolls of amnesia
 D - a scroll of summoning
 F - a scroll of holy word
Potions
 g - 2 potions of resistance
 h - 6 potions of curing
 r - a potion of ambrosia
 u - 2 potions of flight {unknown}
 v - 2 potions of brilliance {unknown}
 x - 2 potions of invisibility
 z - a potion of magic
 E - a potion of mutation {unknown}
 G - a potion of cancellation


   Skills:
 - Level 6.0 Fighting
 + Level 6.6 Dodging
 - Level 3.2 Stealth
 * Level 10.6 Unarmed Combat
 + Level 8.1 Spellcasting
 + Level 1.6 Translocations
 + Level 9.2 Transmutations
 - Level 3.0 Evocations


You had 16 spell levels left.
You knew the following spells:

 Your Spells              Type           Power      Damage    Failure   Level
a - Blade Hands           Tmut           18%        N/A       38%         5
b - Manifold Assault      Tloc           11%        N/A       98%         5

Your spell library contained the following spells:

 Spells                   Type           Power      Damage    Failure   Level
 Wereblood                Tmut           36%        N/A       11%         2
 Blink                    Tloc           22%        N/A       43%         2
 Freeze                   Ice            24%        1d5       47%         1
 Petrify                  Tmut/Erth      21%        N/A       56%         4
 Corpse Rot               Necr/Air       12%        N/A       58%         2
 Static Discharge         Conj/Air       6%         N/A       58%         2
 Sublimation of Blood     Necr           6%         N/A       58%         2
 Portal Projectile        Hex/Tloc       18%        N/A       67%         3
 Call Canine Familiar     Summ           6%         N/A       75%         3
 Irradiate                Conj/Tmut      10%        3d17      82%         5
 Animate Dead             Necr           3%         N/A       96%         4
 Dispel Undead            Necr           6%         3d8       96%         4
 Leda's Liquefaction      Hex/Erth       3%         N/A       96%         4
 Sticky Flame             Conj/Fire      6%         2d3       96%         4
 Borgnjor's Vile Clutch   Necr/Erth      3%         N/A       100%        5
 Excruciating Wounds      Necr           3%         N/A       100%        5
 Malign Gateway           Summ/Tloc      4%         N/A       100%        7
 Storm Form               Tmut/Air       10%        N/A       100%        7
 Summon Hydra             Summ           3%         N/A       100%        7
 Summon Horrible Things   Summ           3%         N/A       100%        8


Dungeon Overview and Level Annotations

Branches:
Dungeon (9/15)             Temple (1/1) D:5            Lair (1/6) D:9
 Bailey (visited)
    Orc: D:9-12

Altars:
Ashenzari
Cheibriados
Dithmenos
Elyvilon
Fedhas
Gozag
Hepliaklqana
Kikubaaqudgha
Makhleb
Nemelex Xobeh
Okawaru
Qazlal
Ru
Sif Muna
Trog
Uskayaw
Vehumet
Wu Jian
Xom
Yredelemnul
Zin
The Shining One

Shops:
D:2 [*=?(   D:4 :[


Innate Abilities, Weirdness & Mutations

You have blades for hands.
Your spellcasting is less reliable in this form.
You are incapable of wielding weapons or throwing items.
You are very small and have problems with some larger weapons.
You are too small for most types of armour.
You have supernaturally acute eyesight. (SInv)
You cover ground extremely quickly. (Speed+++)


Message History

Casting: Blade Hands (quite dangerous; 7% risk of failure)
Confirm with . or Enter, or press ? or * to list all spells.
Okay, then.
Unknown command.
Casting: Blade Hands (quite dangerous; 7% risk of failure)
Confirm with . or Enter, or press ? or * to list all spells.
The spell is quite dangerous to miscast (7% risk of failure)!
Continue anyway?
Your hands turn into razor-sharp scythe blades.
The +6 flail of Fragile Peace {spect, +Blink rF+ Will+} melds into your body.
The wolf spider misses you. The wolf spider bites you!
* * * LOW HITPOINT WARNING * * *
You are lethally poisoned!
The wolf spider poisons you!
The wolf bites the plant!
The plant begins to die.
Unknown command.
You feel better.
The wolf bites the plant.
The wolf spider completely misses you. x2; The cane toad stings the plant.
The plant looks as sick as possible!
The cane toad poisons the plant!
You barely miss the wolf spider.
The wolf bites the plant.
The wolf spider hits you!
* * * LOW HITPOINT WARNING * * *
The wolf spider closely misses you.
The cane toad stings the plant.
The wolf bites the plant.
Unknown command.
You slice the wolf spider!!
The wolf spider is moderately wounded.
The wolf spider barely misses you. x2; The wolf bites the plant.
The cane toad stings the plant.
The plant looks as sick as possible!
The cane toad poisons the plant!
Unknown command.
You barely miss the wolf spider.
The wolf spider is moderately wounded.
The wolf spider misses you.
The wolf spider bites you but does no damage.
The wolf bites the plant!
The cane toad stings the plant!
The wolf spider completely misses you. The wolf spider closely misses you.
Unknown command.
You slash the wolf spider!
The wolf spider is heavily wounded.
A nearby plant withers and dies.
The wolf spider hits you!!
You die...

##.....## ### ###.......####
####
##.###.#.####..##P######.PP##
.............................
.........############........
.........# #......(.
.........# ########........
.........#####.##.##.........
.............Fhs@............
.###P.#P......####P.#.#......
.#.....'.................#...
.#....?#....F#...........#...
#......#.....#...............
#......#.....รท...........#.
.......#.....#....######.#
.......#.....#...## .#
.#...........#...## #


You could see a wolf spider, a cane toad and a wolf.

Vanquished Creatures
  A two-headed ogre (Bailey)
  3 cane toads (Lair:1)
  A kobold demonologist (D:6)
  A troll (D:7)
  Grinder (D:6)
  6 spriggans (Bailey)
  8 yaks
  A vampire (D:9)
  2 wyverns (D:8)
  2 humans
  2 steam dragons
  3 water moccasins
  3 sky beasts
  3 orc warriors (D:7)
  2 ice beasts (D:7)
  6 necrophages
  5 ogres
  2 centaurs
  2 phantoms
  6 bullfrogs
  A gnoll sergeant (D:9)
  A scorpion (D:4)
  A water moccasin zombie (D:6)
  2 wyvern skeletons
  A water moccasin skeleton (D:5)
  5 killer bees (D:7)
  8 wights
  2 howler monkeys
  2 centaur zombies (D:7)
  3 hounds
  2 gnoll shamans
  An orc priest (D:5)
  Crazy Yiuf (D:4)
  2 jellies
  4 bullfrog skeletons
  4 orc wizards
  2 iguanas
  A killer bee zombie (D:7)
  7 gnolls
  A howler monkey skeleton (D:7)
  10 adders
  An adder skeleton (D:4)
  5 worms
  2 dart slugs (D:3)
  14 orcs
  7 bats
  8 endoplasms
  4 giant cockroaches
  11 goblins
  6 hobgoblins
  3 quokkas
  4 ball pythons
  3 frilled lizards
  8 kobolds
  4 rats
201 creatures vanquished.

Vanquished Creatures (others)
  A human (D:9)
  2 fungi (Lair:1)
  5 plants
8 creatures vanquished.

Grand Total: 209 creatures vanquished

Notes
Turn   | Place    | Note
-------+----------+-------------------------------------------
     0 | D:1      | pkoi the Spriggan Monk began the quest for the Orb.
     0 | D:1      | Reached XP level 1. HP: 11/11 MP: 2/2
   700 | D:1      | Reached skill level 3 in Unarmed Combat
   700 | D:1      | Reached XP level 2. HP: 14/16 MP: 3/3
  1923 | D:2      | Found a faded altar of an unknown god.
  2087 | D:2      | Found Zarr's Jewellery Boutique.
  2154 | D:2      | Found Gaongoan's Antique Weapon Boutique.
  2185 | D:2      | Found Paehust's Magic Scroll Boutique.
  2326 | D:2      | Reached XP level 3. HP: 8/19 MP: 4/4
  2846 | D:2      | Found Qing's General Store.
  2893 | D:2      | Found Veseghoe's Armour Shoppe.
  3126 | D:3      | Got the Compendium of Wyrd
  3481 | D:3      | Noticed a sky beast
  3493 | D:3      | Found a white marble altar of Elyvilon.
  3875 | D:3      | Reached XP level 4. HP: 14/24 MP: 5/5
  4856 | D:3      | Reached skill level 4 in Unarmed Combat
  4907 | D:3      | Found a blossoming altar of Fedhas.
  5169 | D:4      | Found Olledi's Book Shop.
  5211 | D:4      | Reached XP level 5. HP: 27/28 MP: 6/6
  5319 | D:4      | Found Banwugut's Armour Emporium.
  5487 | D:4      | Noticed an ogre
  5487 | D:4      | Noticed a phantom
  5683 | D:4      | Identified the +6 flail of Fragile Peace {spect, +Blink rF+
                  | Will+}
  5692 | D:4      | Found a snail-covered altar of Cheibriados.
  6203 | D:3      | Found a shadowy altar of Dithmenos.
  6244 | D:3      | Killed a sky beast
  6245 | D:3      | Reached skill level 5 in Unarmed Combat
  6245 | D:3      | Reached skill level 1 in Spellcasting
  6245 | D:3      | Reached XP level 6. HP: 32/32 MP: 6/9
  6444 | D:4      | Found a runed translucent door.
  6445 | D:4      | Noticed Crazy Yiuf
  6494 | D:4      | Reached XP level 7. HP: 16/36 MP: 3/12
  6756 | D:4      | Killed Crazy Yiuf
  6815 | D:5      | Entered Level 5 of the Dungeon
  6836 | D:5      | Found a staircase to the Ecumenical Temple.
  6858 | D:5      | Identified the +5 flail "Urghesch" {antimagic, rElec Int-3
                  | SInv Stlth+}
  6871 | D:5      | Reached skill level 6 in Unarmed Combat
  6930 | Temple   | Entered the Ecumenical Temple
  7511 | D:5      | Learned a level 5 spell: Blade Hands
  7841 | D:6      | Reached skill level 1 in Transmutations
  7841 | D:6      | Reached XP level 8. HP: 42/42 MP: 15/15
  7853 | D:6      | Noticed a kobold demonologist
  7891 | D:6      | Noticed Grinder
  8123 | D:6      | Reached skill level 7 in Unarmed Combat
  8141 | D:6      | Reached skill level 5 in Spellcasting
  8696 | D:6      | Killed Grinder
  8766 | D:6      | Reached XP level 9. HP: 44/46 MP: 16/18
  8891 | D:6      | Killed a kobold demonologist
  8892 | D:6      | Reached skill level 5 in Fighting
  9146 | D:6      | Reached skill level 8 in Unarmed Combat
  9415 | D:7      | Reached skill level 5 in Dodging
  9415 | D:7      | Reached skill level 5 in Transmutations
 10013 | D:7      | Noticed a troll
 10056 | D:7      | Found a flagged portal.
 10077 | Bailey   | Entered a bailey
 10256 | Bailey   | Reached XP level 10. HP: 51/53 MP: 18/20
 10297 | Bailey   | Reached skill level 9 in Unarmed Combat
 10578 | Bailey   | Noticed a two-headed ogre
 10586 | Bailey   | Killed a two-headed ogre
 10796 | Bailey   | Reached skill level 1 in Evocations
 12038 | D:8      | Found an iron altar of Okawaru.
 12064 | D:7      | Reached skill level 10 in Unarmed Combat
 13037 | D:7      | Reached XP level 11. HP: 45/56 MP: 18/23
 13191 | D:9      | Noticed a death yak
 13191 | D:9      | Noticed a death yak
 13212 | D:9      | Found a bloodstained altar of Trog.
 13248 | D:9      | Found a staircase to the Lair.
 13254 | D:9      | Noticed a death yak
 13254 | D:9      | Noticed a death yak
 13254 | D:9      | Noticed a death yak
 13358 | D:9      | Found a shimmering blue altar of Sif Muna.
 13361 | D:9      | Found a basalt altar of Yredelemnul.
 13366 | D:9      | Found a glowing silver altar of Zin.
 13366 | D:9      | Found a radiant altar of Vehumet.
 13370 | D:9      | Became a worshipper of Sif Muna the Loreminder
 13370 | D:9      | Reached * piety under Sif Muna
 13370 | D:9      | Reached ** piety under Sif Muna
 13381 | D:9      | Found a shimmering altar of Xom.
 13767 | D:9      | Noticed a tengu warrior
 13781 | D:9      | Found an ancient bone altar of Kikubaaqudgha.
 13930 | D:9      | Found a sacrificial altar of Ru.
 13966 | D:9      | Noticed a death yak
 14116 | D:4      | Bought an Inescapable Atlas for 340 gold pieces
 14122 | D:4      | Learned a level 5 spell: Manifold Assault
 14214 | D:9      | Noticed a death yak
 14298 | Lair:1   | Entered Level 1 of the Lair of Beasts
 14381 | Lair:1   | Reached skill level 1 in Translocations
 14825 | Lair:1   | Noticed a wolf spider
 14825 | Lair:1   | Noticed a wolf spider
 14861 | Lair:1   | Mangled by a wolf spider

Illustrated notes

Levels and vault maps discovered:
D:1:      mushboom_english_gardens, layout_basic, serial_bayou_pond_e,
          hangedman_abyss_or_decor_lesser_grid, minmay_liquid_box,
          minmay_misc_feat_tiny, chequers_mini_garden
D:2:      layout_basic, ebering_ecumenical_altar_mist, serial_shops,
          nicolae_shop_hallway_plus, nicolae_shop_hallway_stairs,
          nicolae_shop_overgrown_old_shop, shop_fountains,
          nicolae_shop_waterfront
D:3:      layout_basic, nicolae_dithmenos_through_a_glass_darkly,
          mainiacjoe_overflow_tiny_flanked, old_standard_altar
D:4:      layout_rooms, cheibriados_altar_1, serial_shops, shop,
          nicolae_stop_n_shop_1, uniq_crazy_yiuf_cottage
D:5:      layout_rooms, temple_fountains, st_stairs_2, kennysheep_generic_room_6
D:6:      layout_cave_pools, uniq_grinder
D:7:      nzn_winding_woodlands_small
          [nzn_winding_woodlands_5x15_pathside_ponds,
          nzn_winding_woodlands_center_pierced_h,
          nzn_winding_woodlands_5x15_crooked], layout_loops_ring, serial_glass,
          glass_columns_b, glass_columns_a, enter_bailey_5, eino_jars
D:8:      layout_rooms, okawaru_humans, hangedman_abyss_or_decor_stabs
D:9:      layout_rooms, mainiacjoe_overflow_small_starburst,
          nicolae_overflow_hallway_of_the_gods, tgw_kikubaaqudgha,
          nicolae_ru_path_of_blood, dpeg_lair_monsters, lightli_corner_chamber
Temple:   compressed_dpeg_triangle_lava_temple
Lair:1:   layout_chaotic_city, enter_volcano_3, st_stairs_4,
          nicolae_lair_run_with_the_wolves, infiniplex_staircase_pool_2,
          serial_bayou_shore_b

Skill      XL: |  1  2  3  4  5  6  7  8  9 10 11 |
---------------+----------------------------------+-----
Unarmed Combat | 3 4 5 6 7 8 10 | 10.6
Fighting       | 3 4 5 6 |  6.0
Spellcasting   | 1 2 4 5 6 7 8 |  8.1
Transmutations | 1 4 6 8 9 |  9.2
Dodging        | 6 |  6.6
Evocations     | 3 |  3.0
Translocations | 1 |  1.6
Stealth        | |  3.2

Action                   |  1- 3 |  4- 6 |  7- 9 | 10-12 || total
-------------------------+-------+-------+-------+-------++-------
Melee: Short sword       |    48 |       |       |       ||    48
       Unarmed           |   110 |    97 |       |     4 ||   211
       Punch             |     4 |     5 |    17 |    11 ||    37
       Flail             |       |    20 |   164 |   140 ||   324
 Cast: Blade Hands       |       |       |       |     1 ||     1
Evoke: Wand              |       |       |       |     1 ||     1
  Use: Scroll            |     5 |     4 |     3 |     6 ||    18
       Potion            |       |       |       |     3 ||     3
 Stab: Sleeping          |    10 |     6 |     6 |     2 ||    24
       Distracted        |       |     1 |     3 |       ||     4
Armor: Robe              |    12 |    14 |    16 |       ||    42
       Steam dragon scal |       |       |       |    21 ||    21
       Skin              |       |       |       |     1 ||     1
Dodge: Dodged            |   109 |    93 |   157 |   187 ||   546
